 Dungeon Crawl Stone Soup version 0.23-a0-49-gd9f7a49 (webtiles) character file.

4099 Amnesiac the Zephyrmancer (level 10, 0/73 HPs)
             Began as a Mummy Air Elementalist on Aug 7, 2018.
             Was a Priest of Sif Muna.
             Slain by Erolcha
             ... wielding a +4 giant spiked club
              (12 damage)
             ... on level 9 of the Dungeon.
             The game lasted 00:15:36 (8548 turns).

Amnesiac the Zephyrmancer (Mummy Air Elementalist)  Turns: 8548, Time: 00:15:37

Health: 0/73       AC:  5    Str: 12    XL:     10   Next: 6%
Magic:  1/23       EV: 14    Int: 17    God:    Sif Muna [***...]
Gold:   321        SH:  0    Dex: 13    Spells: 22/27 levels left

rFire    x . .     SeeInvis .   a - +1 hunting sling
rCold    + . .     Gourm    .   (no shield)
rNeg     + + +     Faith    .   g - +0 robe
rPois    ∞         Spirit   .   (no helmet)
rElec    .         Reflect  .   h - +2 cloak
rCorr    .         Harm     .   (no gloves)
MR       ++...                  (no boots)
Stlth    ++........             (no amulet)
HPRegen  0.22/turn              i - ring of protection from magic
MPRegen  0.18/turn              l - ring of wizardry

@: about to teleport, no casting
A: no food or potions, fire vulnerability, cold resistance 1, negative energy
resistance 3, torment resistance, unbreathing
a: Stop Divine Energy, Channel Magic, Renounce Religion


You were on level 9 of the Dungeon.
You worshipped Sif Muna.
Sif Muna was most pleased with you.
You were not hungry.

You visited 2 branches of the dungeon, and saw 10 of its levels.

You collected 493 gold pieces.
You spent 172 gold pieces at shops.

Inventory:

Hand Weapons
 a - a +1 hunting sling (weapon)
 b - a +1 hand axe of electrocution
Missiles
 d - 8 curare-tipped needles
 e - 157 stones (quivered)
 s - 51 sling bullets
Armour
 g - a +0 robe (worn)
 h - a +2 cloak (worn)
Magical Staves
 j - an uncursed staff of energy
Jewellery
 i - a ring of protection from magic (left hand)
 l - a ring of wizardry (right hand)
 t - an uncursed ring of protection from magic
Wands
 f - a wand of disintegration (19)
 n - a wand of paralysis (16)
 o - a wand of digging (6)
 v - a wand of polymorph (11)
Scrolls
 c - 2 scrolls of magic mapping {!r}
 k - 3 scrolls of remove curse {!r}
 m - a scroll of fear {!r, unknown}
 p - a scroll of enchant armour {!r}
 q - a scroll of fog {!r, unknown}
 r - 6 scrolls of identify {!r}
 w - a scroll of enchant weapon {!r}


   Skills:
 - Level 4.4 Fighting
 + Level 3.9 Dodging
 - Level 1.5 Stealth
 + Level 9.3 Spellcasting
 - Level 0.7 Conjurations
 * Level 9.4 Air Magic


You had 22 spell levels left.
You knew the following spells:

 Your Spells              Type           Power        Failure   Level  Hunger
a - Airstrike             Air            #####.....   1%          4    N/A
w - Shock                 Conj/Air       ####         1%          1    N/A

Your spell library contained the following spells:

 Spells                   Type           Power        Failure   Level  Hunger
 Lightning Bolt           Conj/Air       ####......   13%         5    N/A
 Confuse                  Hex            #.......     11%         3    N/A
 Swiftness                Chrm/Air       ###.....     1%          2    N/A
 Confusing Touch          Hex            #.....       3%          1    N/A
 Metabolic Englaciation   Hex/Ice        #.........   65%         5    N/A
 Static Discharge         Conj/Air       ####....     1%          3    N/A
 Petrify                  Tmut/Erth      #.......     32%         4    N/A
 Gell's Gravitas          Tloc           #.........   11%         3    N/A
 Yara's Violent Unravell  Hex/Tmut       #.........   65%         5    N/A

Dungeon Overview and Level Annotations

Branches:
Dungeon (9/15)             Temple (1/1) D:4
   Lair: D:8-11         Orc: D:9-12

Altars:
Gozag
Hepliaklqana
Kikubaaqudgha
Nemelex Xobeh
Sif Muna
Trog
Xom
Yredelemnul
Zin

Shops:
D:4 *   D:5 [

Annotations:
D:5 1 runed door
D:9 Erolcha


Innate Abilities, Weirdness & Mutations

You do not eat or drink.
Your flesh is vulnerable to fire.
You are immune to poison.
Your flesh is cold resistant. (rC+)
You are immune to negative energy. (rN+++)
You are immune to unholy pain and torment.
You can survive without breathing.


Message History

You hear a shout!
Evoke which item? (* to show all) (? for menu, Esc to quit)
Aiming: Disintegrate
Press: ? - help, Shift-Dir - straight line, f/p - Erolcha
Aim: Erolcha, wielding an enchanted giant spiked club and wearing a robe (moderately wounded, chance to defeat MR: 30%) Erolcha easily resists.
Erolcha casts a spell.
Erolcha blinks!
Evoke which item? (* to show all) (? for menu, Esc to quit)
Aiming: Disintegrate
Press: ? - help, Shift-Dir - straight line, f/p - Erolcha
Aim: Erolcha, wielding an enchanted giant spiked club and wearing a robe (moderately wounded, chance to defeat MR: 30%) Erolcha is blasted.
An orc comes into view. It is wielding a dagger.
Evoke which item? (* to show all) (? for menu, Esc to quit)
Aiming: Disintegrate
Press: ? - help, Shift-Dir - straight line, f/p - Erolcha
Aim: Erolcha, wielding an enchanted giant spiked club and wearing a robe (heavily wounded, chance to defeat MR: 30%) Erolcha easily resists.
Evoke which item? (* to show all) (? for menu, Esc to quit)
Aiming: Disintegrate
Press: ? - help, Shift-Dir - straight line, f/p - Erolcha
Aim: Erolcha, wielding an enchanted giant spiked club and wearing a robe (heavily wounded, chance to defeat MR: 30%) Erolcha easily resists.
You regain access to your magic.
Evoke which item? (* to show all) (? for menu, Esc to quit)
Aiming: Disintegrate
Press: ? - help, Shift-Dir - straight line, f/p - Erolcha
Aim: Erolcha, wielding an enchanted giant spiked club and wearing a robe (heavily wounded, chance to defeat MR: 30%) Erolcha easily resists.
Erolcha hits you with an enchanted giant spiked club!
Casting: Airstrike (safe; 1% risk of failure)
Confirm with . or Enter, or press ? or * to list all spells.
Aiming: Airstrike (safe; 1% risk of failure)
Press: ? - help, Dir - move target cursor, f/p - Erolcha
Aim: Erolcha, wielding an enchanted giant spiked club and wearing a robe (heavily wounded)
The air twists around and strikes Erolcha!
Erolcha is severely wounded.
Sif Muna grants you divine energy.
You briefly lose access to your magic!
You are unable to access your magic!
Erolcha drinks a potion.
Erolcha seems to speed up.
An orc comes into view. It is wielding a falchion.
You regain access to your magic.
Casting: Airstrike (safe; 1% risk of failure)
Confirm with . or Enter, or press ? or * to list all spells.
Aiming: Airstrike (safe; 1% risk of failure)
Press: ? - help, Dir - move target cursor, f/p - Erolcha
Aim: Erolcha, wielding an enchanted giant spiked club and wearing a robe (severely wounded, fast)
The air twists around and strikes Erolcha!
Erolcha is severely wounded.
Sif Muna grants you divine energy.
You briefly lose access to your magic!
Erolcha barely misses you. Erolcha casts a spell at you.
You resist with almost no effort.
There is an open door here.
Erolcha casts a spell at you. The orb of energy hits you!
* * * LOW HITPOINT WARNING * * *
Really read
u - a scroll of teleportation {!r}?
As you read the scroll of teleportation {!r}, it crumbles to dust.
You feel strangely unstable.
Erolcha hits you with an enchanted giant spiked club!
You die...

#.........# #......
#.........####..)...
#.........#.........
+.........'.##......
#.........####......
####'###### #......
#..# ##.#### #.##
#.# #@# #..
##O###### ##
#..o....# ##
#.......# ...
#....o..# ....
#.......# ...o.
+.......####....).
#.......'.........
#.......####......


You could see Erolcha and 2 orcs.

Vanquished Creatures
  Pikel (D:5)
  The ghost of jjfam the Chopper, an amateur DDFi (D:5)
  Sigmund (D:6)
  Eustachio (D:6)
  Menkaure (D:4)
  Duvessa (D:5)
  Purgy (D:3)
  2 orc warriors (D:7)
  2 phantoms (D:4)
  A hornet zombie (D:9)
  An eye of draining (D:8)
  3 ogres
  4 centaurs
  Blork the orc (D:6)
  Dowan (D:5)
  4 scorpions
  A killer bee (D:9)
  4 wights (D:7)
  2 crimson imps (D:5)
  2 bullfrog zombies
  2 jellies
  Crazy Yiuf (D:3)
  3 orc priests
  6 hounds
  3 bullfrog skeletons
  Terence (D:3)
  4 orc wizards
  3 iguanas
  8 worker ants
  A howler monkey skeleton (D:7)
  8 adders
  A shadow imp (D:7)
  2 adder skeletons (D:4)
  5 worms
  2 dart slugs (D:2)
  2 leopard geckos
  15 orcs
  7 giant cockroaches
  6 goblins
  5 hobgoblins
  5 jackals
  7 kobolds
  7 quokkas
  A ball python (D:5)
  4 bats
  7 frilled lizards
  2 gnoll zombies (D:2)
  A leopard gecko skeleton (D:5)
  A quokka skeleton (D:4)
  4 rats
159 creatures vanquished.

Notes
Turn   | Place    | Note
-------+----------+-------------------------------------------
     0 | D:1      | Amnesiac the Mummy Air Elementalist began the quest for the Orb.
     0 | D:1      | Reached XP level 1. HP: 13/13 MP: 4/4
   823 | D:2      | Reached XP level 2. HP: 11/19 MP: 5/5
   925 | D:2      | Noticed a scorpion
  1223 | D:2      | Found a basalt altar of Yredelemnul.
  1400 | D:2      | Reached skill level 1 in Fighting
  1400 | D:2      | Reached XP level 3. HP: 22/26 MP: 7/7
  2544 | D:3      | Reached XP level 4. HP: 13/32 MP: 9/9
  2550 | D:3      | Learned a level 4 spell: Airstrike
  2696 | D:3      | Noticed Purgy
  3079 | D:3      | Noticed Terence
  3317 | D:3      | Found a runed door.
  3691 | D:4      | Noticed Menkaure
  3700 | D:4      | Killed Menkaure
  3700 | D:4      | Reached XP level 5. HP: 21/39 MP: 2/11
  3805 | D:4      | Reached XP level 6. HP: 37/46 MP: 1/12
  4101 | D:4      | Found Kibbiom's General Store.
  4467 | D:4      | Reached skill level 5 in Air Magic
  4577 | D:4      | Reached skill level 5 in Spellcasting
  4577 | D:4      | Reached XP level 7. HP: 52/52 MP: 1/14
  4735 | D:4      | Found a staircase to the Ecumenical Temple.
  4747 | Temple   | Entered the Ecumenical Temple
  4776 | Temple   | Became a worshipper of Sif Muna the Loreminder
  5134 | D:3      | Noticed Crazy Yiuf
  5137 | D:3      | Killed Crazy Yiuf
  5205 | D:5      | Entered Level 5 of the Dungeon
  5358 | D:5      | Noticed Duvessa
  5364 | D:5      | Noticed Dowan
  5392 | D:5      | Killed Duvessa
  5469 | D:5      | Found Mudoup's Antique Armour Emporium.
  5472 | D:5      | Bought a shiny helmet for 172 gold pieces
  5581 | D:5      | Found a runed door.
  5583 | D:5      | Noticed jjfam's ghost (amateur DDFi)
  5672 | D:5      | Killed Dowan
  5672 | D:5      | Reached * piety under Sif Muna
  5672 | D:5      | Reached XP level 8. HP: 20/58 MP: 2/17
  5775 | D:3      | Killed Terence
  5893 | D:3      | Killed Purgy
  6287 | D:5      | Noticed Pikel
  6301 | D:5      | Killed Pikel
  6301 | D:5      | Reached ** piety under Sif Muna
  6422 | D:5      | Found a runed door.
  6493 | D:5      | Killed jjfam's ghost
  6493 | D:5      | Reached XP level 9. HP: 53/66 MP: 0/20
  6574 | D:6      | Noticed Blork the orc
  6581 | D:6      | Killed Blork the orc
  6639 | D:6      | Noticed Sigmund
  6642 | D:6      | Killed Sigmund
  7135 | D:6      | Noticed Eustachio
  7158 | D:6      | Killed Eustachio
  7481 | D:7      | Identified a paperback manual
  7487 | D:7      | Reached *** piety under Sif Muna
  8351 | D:8      | Found a sparkling altar of Nemelex Xobeh.
  8351 | D:8      | Found a hazy altar of Hepliaklqana.
  8356 | D:8      | Found a shimmering altar of Xom.
  8404 | D:9      | Reached XP level 10. HP: 31/73 MP: 0/23
  8528 | D:9      | Noticed Erolcha
  8548 | D:9      | Slain by Erolcha

Vault maps used:
D:1:      ebering_hopf_link
D:2:      lemuel_zombie_altar_yredelemnul
D:3:      first_ration, corexii_leaking_fountain, uniq_purgy,
          uniq_crazy_yiuf_cottage, uniq_terence
D:4:      minmay_temple_entry_fiery, serial_shops, shop, uniq_menkaure
D:5:      ebering_ghost_sewer_f, serial_shops, kennysheep_mini, uniq_pikel,
          uniq_duvessa
D:6:      uniq_blork_the_orc, uniq_eustachio, uniq_sigmund
D:8:      chequers_temple_overflow_minitemple, erik_lair_orcish_takeover,
          serial_shops, nicolae_shop_crystal, lemuel_flamethrower_2
D:9:      orc_0_dummy, uniq_erolcha
Temple:   regret_index_temple_sphere_string

Skill      XL: |  1  2  3  4  5  6  7  8  9 |
---------------+----------------------------+-----
Air Magic      | 3 4 5 6 7 9 |  9.4
Spellcasting   | 3 4 5 6 7 9 |  9.3
Fighting       | 1 2 3 4 |  4.4
Dodging        | 2 3 |  3.9
Stealth        | |  1.5
Conjurations   | |  0.7

Action                   |  1- 3 |  4- 6 |  7- 9 | 10-12 || total
-------------------------+-------+-------+-------+-------++-------
Melee: Dagger            |   183 |    18 |       |       ||   201
       Mace              |     5 |       |       |       ||     5
       Hunting sling     |       |       |     1 |       ||     1
 Fire: Hunting sling     |    73 |   122 |    81 |       ||   276
 Cast: Airstrike         |       |    17 |   182 |    13 ||   212
Invok: Divine Energy     |       |       |     1 |       ||     1
Evoke: Wand              |       |       |       |     6 ||     6
  Use: Scroll            |       |     4 |     6 |     1 ||    11
 Stab: Sleeping          |     1 |       |       |       ||     1
Armor: Robe              |    30 |    13 |    19 |     1 ||    63
Dodge: Dodged            |   111 |    50 |    68 |     9 ||   238

Table legend:
 A = Spawn XP
 B = Non-spawn XP
 C = Spawn XP percentage of total XP
 D = Spawn monster count
 E = Non-spawn monster count
 F = Spawn count percentage of total count
 G = Total turns spent on level
                    A         B        C        D         E        F      G
               +---------+---------+-------+---------+---------+-------+---------
         Total |       0 |    5857 |   0.0 |       0 |     159 |   0.0 |  8548
               +---------+---------+-------+---------+---------+-------+---------
           D:1 |       0 |      10 |   0.0 |       0 |       5 |   0.0 |   714
           D:2 |       0 |     136 |   0.0 |       0 |      28 |   0.0 |  1818
           D:3 |       0 |     310 |   0.0 |       0 |      20 |   0.0 |  1518
           D:4 |       0 |     914 |   0.0 |       0 |      19 |   0.0 |  1448
           D:5 |       0 |    1695 |   0.0 |       0 |      27 |   0.0 |  1019
           D:6 |       0 |    1187 |   0.0 |       0 |      20 |   0.0 |   918
           D:7 |       0 |     982 |   0.0 |       0 |      28 |   0.0 |   825
           D:8 |       0 |     232 |   0.0 |       0 |       5 |   0.0 |    82
           D:9 |       0 |     391 |   0.0 |       0 |       7 |   0.0 |   160
               +---------+---------+-------+---------+---------+-------+---------
